 Dungeon Crawl Stone Soup version 0.31.0-9-g3a7656b989 (webtiles) character file.

Game seed: 306567382544602387

147 RancidPinata the Sneak (level 5, 0/37 HPs)
             Began as an Octopode Delver on Jan 24, 2024.
             Slain by a goblin
             ... wielding a +0 dagger
             ... led by Robin
              (3 damage)
             ... on level 2 of the Dungeon.
             The game lasted 00:06:27 (1094 turns).

RancidPinata the Sneak (Octopode Delver)            Turns: 1094, Time: 00:06:27

Health: 0/37       AC:  1    Str: 13    XL:     5   Next: 29%
Magic:  5/5        EV: 14    Int: 13    God:
Gold:   81         SH:  0    Dex: 13    Spells: 1/4 levels left

rFire   . . .        a - +0 short sword
rCold   . . .        (no shield)
rNeg    . . .        (helmet restricted)
rPois   .            (no amulet)
rElec   .            (no ring)
rCorr   .            (no ring)
SInv    .            (no ring)
Will    .....        (no ring)
Stlth   +++++        (no ring)
HPRegen 0.26/turn    (no ring)
MPRegen 0.09/turn    (no ring)
                     (no ring)

%: no passive effects
@: no status effects
A: almost no armour, amphibious, 8 rings, camouflage 1, gelatinous body 1,
(nimble swimmer 1), tentacles
a: no special abilities


You were on level 2 of the Dungeon.
You visited 1 branch of the dungeon, and saw 6 of its levels.

You collected 81 gold pieces.

Inventory:

Hand Weapons
 a - a +0 short sword (weapon)
Missiles
 l - 8 stones (quivered)
Wands
 f - a wand of digging (3)
Scrolls
 b - a scroll of fog
 c - a scroll of revelation
 d - a scroll of vulnerability {unknown}
 g - 2 scrolls of enchant armour {unknown}
 h - a scroll of amnesia {unknown}
 i - 2 scrolls of teleportation {unknown}
 j - a scroll of torment {unknown}
 m - 3 scrolls of noise {unknown}
Potions
 e - 2 potions of haste


   Skills:
 * Level 3.9 Fighting
 + Level 2.9 Short Blades
 * Level 3.2 Dodging
 + Level 7.5 Stealth


You had one spell level left.
You knew the following spells:

 Your Spells              Type           Power      Damage    Failure   Level
a - Magic Dart            Conj           0%         1d3       30%         1
b - Blink                 Tloc           0%         N/A       43%         2

Your spell library contained the following spells:

 Spells                   Type           Power      Damage    Failure   Level
 Call Imp                 Summ           0%         N/A       43%         2


Dungeon Overview and Level Annotations

Branches:
Dungeon (7/15)
 Temple: D:4-7

Altars:
Fedhas
Uskayaw

Annotations:
D:2 Robin
D:4 Menkaure
D:6 Pikel


Innate Abilities, Weirdness & Mutations

You cannot wear most types of armour.
You are amphibious.
You can wear up to eight rings at the same time.
Your skin changes colour to match your surroundings (Stealth+).
Your rubbery body absorbs attacks. (AC +1, EV +1)
((You are camouflaged when in or above water. (Stealth+)))
You have tentacles for arms and can constrict up to eight enemies at once.


Message History

The adder bites you.
A hobgoblin comes into view. x2
You closely miss the adder. Your grab misses the adder.
The adder is lightly wounded.
The adder bites you but does no damage. Robin misses you.
You closely miss the adder. You grab the adder.
The adder is lightly wounded.
You constrict the adder. The adder bites you.
You are poisoned.
The adder poisons you!
A goblin comes into view. It is wielding a +0 club.
Robin throws the goblin at you!
You closely miss the goblin. You grab the goblin. You constrict the goblin.
You constrict the adder.
You feel sick. The adder bites you.
You are more poisoned.
The adder poisons you!
You hit the goblin.
You kill the goblin!
You constrict the adder.
You feel sick. The adder barely misses you.
Robin hits you from afar with a +0 spear.
You hit the gnoll. Your grab misses the gnoll. You squeeze the gnoll!
The gnoll is almost dead.
You constrict the adder.
You feel sick. The adder closely misses you. The gnoll closely misses you.
Robin misses you. The adder bites you.
* * * LOW HITPOINT WARNING * * *
You hit the gnoll.
You kill the gnoll!
You constrict the adder.
You kill the adder!
You feel sick. Robin throws the goblin at you!
* * * LOW HITPOINT WARNING * * *
The goblin hits you with a +0 dagger.
* * * LOW HITPOINT WARNING * * *
Okay, then.
It was a potion of curing.
You feel better. The hobgoblin barely misses you.
Robin hits you from afar with a +0 spear.
* * * LOW HITPOINT WARNING * * *
A gnoll comes into view. It is wielding a +0 spear.
The goblin hits you with a +0 dagger.
You die...

........#.)........#...#
..>...................#
.gg........#...####.#.#
..........##...# #.####
....g......#...# #..>.#
........#..#...# ####.#
.$g...gg...##### #.#
...##?#g#...... #.# #.
#..#@#...##. #.#
#.#gg#.#.# #.#
#.#[##.#..# #.# . #.
g##... #.. ## #. .. ##.
#. #. ..


You could see Robin, a gnoll (wandering), 2 hobgoblins and 3 goblins.

Vanquished Creatures
  A scorpion (D:5)
  A hound (D:5)
  A sleepcap (D:5)
  A gnoll (D:2)
  An adder (D:2)
  An orc (D:3)
  A ball python (D:4)
  An endoplasm (D:3)
  3 goblins
  2 hobgoblins (D:4)
  A kobold (D:3)
  A quokka (D:5)
15 creatures vanquished.

Notes
Turn   | Place    | Note
-------+----------+-------------------------------------------
     0 | D:5      | RancidPinata the Octopode Delver began the quest for the
                  | Orb.
     0 | D:5      | Reached XP level 1. HP: 16/16 MP: 1/1
     1 | D:6      | Noticed Pikel
     1 | D:6      | Noticed a lemure
     1 | D:6      | Noticed a lemure
     1 | D:6      | Noticed a lemure
     1 | D:6      | Noticed a lemure
    61 | D:5      | Noticed a scorpion
   145 | D:5      | Noticed a hound
   243 | D:7      | Noticed a centaur
   334 | D:7      | Noticed a wight
   341 | D:7      | Found a hide-covered altar of Uskayaw.
   357 | D:7      | Noticed a bombardier beetle
   382 | D:7      | Noticed a wight
   398 | D:7      | Noticed a wight
   440 | D:7      | Noticed an orc priest
   485 | D:6      | Noticed a jelly
   523 | D:5      | Noticed a howler monkey
   523 | D:5      | Noticed a scorpion
   581 | D:5      | Killed a scorpion
   582 | D:5      | Reached skill level 7 in Stealth
   582 | D:5      | Reached XP level 2. HP: 15/21 MP: 2/2
   582 | D:5      | Reached XP level 3. HP: 19/26 MP: 3/3
   582 | D:5      | Reached XP level 4. HP: 23/31 MP: 4/4
   772 | D:5      | Noticed a scorpion
   778 | D:4      | Noticed Menkaure
   792 | D:4      | Reached XP level 5. HP: 32/37 MP: 5/5
   851 | D:4      | Learned a level 1 spell: Magic Dart
   854 | D:4      | Learned a level 2 spell: Blink
   872 | D:3      | Found a blossoming altar of Fedhas.
  1078 | D:2      | Noticed Robin
  1094 | D:2      | Slain by a goblin

Illustrated notes

Levels and vault maps discovered:
D:2:      layout_rooms, basic_altar, uniq_robin, uniq_sigmund
D:3:      kennysheep_goblin_castle, layout_basic,
          mainiacjoe_overflow_six_doors_small, fedhas_altar_2,
          grunt_temple_overflow_open, hellmonk_no_cap
D:4:      layout_basic, ashenzari_conservatory_becter,
          nzn_overflow_gifts_of_might_and_magic,
          minmay_temple_entry_antechambers, minmay_joined_circles, uniq_edmund,
          uniq_menkaure
D:5:      layout_loops_cross, nicolae_tso_carved_into_rock
D:6:      layout_basic, nicolae_ru_great_annihilating_truth, okawaru_gym_becter,
          uniq_pikel
D:7:      layout_gridville, eat_drink_and_be_merry_uskayaw,
          kb_lookout_dungeons_type, chequers_garden,
          hangedman_decor_peaks_small, lightli_orcish_oven

Skill      XL: |  1  2  3  4 |
---------------+-------------+-----
Stealth        | 7 |  7.5
Dodging        | 3 |  3.2
Fighting       | |  3.9
Short Blades   | |  2.9

Action                     |  1- 3 |  4- 6 || total
---------------------------+-------+-------++-------
  Melee: Short sword       |    13 |    38 ||    51
         Constrict         |     2 |     8 ||    10
         Tentacles         |     1 |     4 ||     5
         Punch             |     1 |       ||     1
    Use: Scroll            |       |     1 ||     1
         Potion            |       |     1 ||     1
   Stab: Sleeping          |     1 |     6 ||     7
 Armour: Skin              |     3 |    26 ||    29
  Dodge: Dodged            |    10 |    20 ||    30
